 Dungeon Crawl Stone Soup version 0.21.1-1-g345015fe64 (webtiles) character file.

11554 SWATDuck the Cleaver (level 11, -13/100 HPs)
             Began as a Deep Dwarf Fighter on July 23, 2018.
             Was the Champion of Makhleb.
             Mangled by a wolf spider simulacrum (18 damage)
             ... on level 1 of the Lair of Beasts.
             The game lasted 00:57:14 (8930 turns).

SWATDuck the Cleaver (Deep Dwarf Fighter)           Turns: 8930, Time: 00:57:17

Health: -13/100    AC: 19    Str: 23    XL:     11   Next: 50%
Magic:  6/6        EV:  6    Int: 15    God:    Makhleb [******]
Gold:   525        SH: 12    Dex: 12    Spells: 10/10 levels left

rFire    + + .     SeeInvis .   a - +1 war axe
rCold    . . .     Gourm    +   c - +0 shield
rNeg     + + .     Faith    .   P - +0 plate armour
rPois    .         Spirit   .   Q - +0 helmet
rElec    .         Reflect  .   h - scarf {rC+ rF+}
rCorr    .         Harm     .   k - +0 pair of gloves
MR       +....                  b - +1 pair of boots {Stlth+}
Stlth    ..........             G - amulet of the gourmand
HPRegen  0.00/turn              w - +1 ring of protection
MPRegen  0.10/turn              T - ring "Joniclux" {rF+ rC- rN++ Int+6}

@: non-regenerating
A: damage resistance, heal wounds, sense surroundings 2, no regeneration
a: Heal Wounds, Minor Destruction, Lesser Servant of Makhleb, Major Destruction,
Greater Servant of Makhleb, Renounce Religion


You were on level 1 of the Lair of Beasts.
You worshipped Makhleb.
Makhleb was exalted by your worship.
You were not hungry.

You visited 2 branches of the dungeon, and saw 13 of its levels.
You also visited: Ossuary.

You collected 525 gold pieces.

Inventory:

Hand Weapons
 a - a +1 war axe (weapon)
Armour
 b - a +1 pair of boots of stealth (worn)
 c - a +0 shield (worn)
 h - a scarf of resistance (worn)
 k - a +0 pair of gloves (worn)
 P - a +0 plate armour (worn)
 Q - a +0 helmet (worn)
Jewellery
 o - an uncursed ring of protection from magic
 w - a +1 ring of protection (left hand)
 D - an uncursed ring of protection from cold
 G - an amulet of the gourmand (around neck)
 R - an uncursed ring of protection from cold
 T - the ring "Joniclux" (right hand) {rF+ rC- rN++ Int+6}
   (You took it off an orc on level 10 of the Dungeon)

   [ring of protection from fire]

   It affects your intelligence (+6).
   It protects you from fire.
   It makes you vulnerable to cold.
   It greatly protects you from negative energy.
 U - an uncursed ring of stealth
 X - a cursed amulet of inaccuracy {unknown}
Wands
 m - a wand of iceblast (9)
 t - a wand of flame (16)
 I - a wand of paralysis (14)
 K - a wand of polymorph (9)
Scrolls
 g - 2 scrolls of enchant weapon
 i - 3 scrolls of immolation
 j - 12 scrolls of remove curse
 l - 10 scrolls of teleportation
 q - 3 scrolls of blinking
 v - a scroll of brand weapon {unknown}
 y - 5 scrolls of amnesia
 H - a scroll of noise {unknown}
 J - a scroll of fog
 L - a scroll of holy word
 M - a scroll of magic mapping {unknown}
 N - a scroll of summoning {unknown}
 V - a scroll of enchant armour {unknown}
Potions
 d - 2 potions of might
 e - 3 potions of cancellation
 n - a potion of lignification {unknown}
 p - 2 potions of magic
 r - 2 potions of agility
 s - 2 potions of heal wounds {unknown}
 u - 4 potions of resistance
 x - 3 potions of flight
 z - 7 potions of curing
 A - 2 potions of brilliance {unknown}
 B - a potion of ambrosia {unknown}
 C - a potion of berserk rage {unknown}
 F - a potion of haste {unknown}
 S - a potion of invisibility {unknown}
Books
 E - a book of Misfortune (quivered)

   Spells                             Type                      Level
   a - Confusing Touch                Hexes                        1
   b - Confuse                        Hexes                        3
   c - Gell's Gravitas                Translocation                3
   d - Petrify                        Transmutation/Earth          4
   e - Metabolic Englaciation         Hexes/Ice                    5
   f - Yara's Violent Unravelling     Hexes/Transmutation          5
 W - a book of Changes

   Spells                             Type                      Level
   a - Beastly Appendage              Transmutation                1
   b - Sticks to Snakes               Transmutation                2
   c - Spider Form                    Transmutation/Poison         3
   d - Ice Form                       Ice/Transmutation            4
   e - Blade Hands                    Transmutation                5
Miscellaneous
 O - a lightning rod (4/4)
Comestibles
 f - 22 rations


   Skills:
 + Level 7.3 Fighting
 + Level 13.0 Axes
 + Level 8.4 Armour
 - Level 1.6 Dodging
 - Level 0.4 Stealth
 + Level 9.3 Shields
 * Level 4.2 Invocations
 + Level 4.0 Evocations


You had 10 spell levels left.
You didn't know any spells.

Dungeon Overview and Level Annotations

Branches:
Dungeon (12/15)            Temple (0/1) D:6            Lair (1/6) D:8
    Orc (0/2) D:11

Altars:
Cheibriados
Kikubaaqudgha
Makhleb
Okawaru
Qazlal
Sif Muna
Trog
Vehumet
Wu Jian
Xom
Yredelemnul
Zin
The Shining One
Beogh

Shops:
D:6 (   D:10 :

Annotations:
Lair:1 1 transporter


Innate Abilities, Weirdness & Mutations

You are resistant to damage.
You can heal yourself by infusing magical energy.
You passively map the area around you.
You do not regenerate.


Message History

You hit the five-headed hydra simulacrum.
The wolf spider simulacrum hits you. The wolf spider simulacrum freezes you!
You block the wolf spider simulacrum's attack.
The porcupine simulacrum barely misses you.
The five-headed hydra simulacrum bites you.
The five-headed hydra simulacrum freezes you!!
You block the five-headed hydra simulacrum's attack.
The five-headed hydra simulacrum bites you but does no damage. x2
The five-headed hydra simulacrum bites you!
* * * LOW HITPOINT WARNING * * *
The five-headed hydra simulacrum freezes you!!
* * * LOW HITPOINT WARNING * * *
Your plate armour prevents you from hitting the porcupine simulacrum.
You hack one of the five-headed hydra simulacrum's heads off!
You hit the four-headed hydra simulacrum.
You hit the wolf spider simulacrum.
The wolf spider simulacrum hits you but does no damage.
The wolf spider simulacrum bites you.
The wolf spider simulacrum freezes you!!
You die...

.#.........#.§§[}?§§§#, ,
...........#§§§§§§§§.# ,
..≈≈.......#.§§.§§§§§#,,
.≈≈≈≈.%....# §§§§§§.
≈≈≈≈≈≈.....####§§§### ,,
,, ≈≈≈≈≈≈......#§§ZZ.§§#
, , ,*
≈≈≈≈≈.<.....#§§#.#§§# ,
≈≈≈≈≈.......#§§ZZZ§.#, ,
* ≈≈≈≈≈≈......#§§#@#§§#,
, ,,
≈≈≈≈≈≈≈.....#§§§§§§§# ,
..≈≈≈≈......#§§§§§§§#, ,
,,
#..≈≈≈......#########...
................©.......,
........................
*
#.......................
*
#.......................
,
#.......................,


You could see a porcupine simulacrum, an eight-headed hydra simulacrum, a
six-headed hydra simulacrum, a four-headed hydra simulacrum and a wolf spider
simulacrum.

Vanquished Creatures
  A wolf spider (D:12)
  Pikel (D:4)
  A manticore (D:11)
  A cyclops (D:11)
  A gargoyle (D:10)
  A kobold demonologist (D:7)
  The ghost of originalK the Chopper, an amateur HOMo (D:3)
  2 trolls (D:11)
  A meliai zombie (D:10)
  Grinder (D:3)
  A water elemental (D:11)
  Sigmund (D:3)
  A wyvern (D:8)
  2 hungry ghosts
  4 yaks (D:9)
  A basilisk (Lair:1)
  A steam dragon (D:9)
  Menkaure (D:6)
  3 wargs (D:8)
  2 water moccasins
  Duvessa (D:4)
  2 slaves (D:4)
  5 orc warriors
  2 sky beasts
  3 black bears
  An ice beast (D:8)
  4 phantoms
  A necrophage (D:9)
  8 ogres
  7 centaurs
  Blork the orc (D:4)
  4 bullfrogs
  Dowan (D:4)
  A wyvern skeleton (D:9)
  3 scorpions
  6 killer bees (D:9)
  2 electric eels (D:11)
  4 howler monkeys
  6 crimson imps
  2 bullfrog zombies
  A quasit (D:10)
  4 hounds
  4 jellies
  Crazy Yiuf (D:7)
  3 bullfrog skeletons
  12 orc priests
  13 orc wizards
  2 centaur skeletons
  Terence (D:2)
  2 iguanas
  7 worker ants
  2 killer bee zombies
  7 big kobold zombies (Ossuary)
  2 hound zombies (D:6)
  2 hound skeletons
  A mummy (Ossuary)
  A howler monkey zombie (D:6)
  3 worker ant zombies
  Robin (D:3)
  3 gnolls (D:2)
  A howler monkey skeleton (D:8)
  10 adders
  A shadow imp (D:6)
  7 oozes
  An adder zombie (D:6)
  3 worms
  4 dart slugs
  3 leopard geckos
  49 orcs
  2 spectral bats (Ossuary)
  A ball python (D:2)
  5 bats
  3 giant cockroaches
  16 goblins
  8 hobgoblins
  16 jackals
  4 quokkas
  13 frilled lizards
  5 gnoll zombies (Ossuary)
  4 goblin simulacra (Ossuary)
  8 goblin zombies (Ossuary)
  5 hobgoblin zombies (Ossuary)
  A jackal skeleton (D:4)
  11 kobolds
  4 kobold simulacra (Ossuary)
  3 kobold zombies (Ossuary)
  A leopard gecko skeleton (D:7)
  2 orc zombies (Ossuary)
  A quokka skeleton (D:6)
  8 rats
  4 rat simulacra (Ossuary)
  A spectral goblin (Ossuary)
  3 spectral kobolds (Ossuary)
  5 spectral rats (Ossuary)
377 creatures vanquished.

Vanquished Creatures (others)
  An unseen horror (D:11)
1 creature vanquished.

Grand Total: 378 creatures vanquished

Notes
Turn   | Place    | Note
-------+----------+-------------------------------------------
     0 | D:1      | SWATDuck the Deep Dwarf Fighter began the quest for the Orb.
     0 | D:1      | Reached XP level 1. HP: 20/20 MP: 1/1
     1 | D:1      | Found a runed door.
    22 | D:1      | Reached XP level 2. HP: 27/27 MP: 2/2
    40 | D:1      | Reached XP level 3. HP: 32/34 MP: 3/3
   138 | D:1      | Reached skill level 3 in Axes
   858 | D:2      | Reached XP level 4. HP: 24/42 MP: 3/3
   959 | D:2      | Noticed Terence
   973 | D:2      | Killed Terence
  1102 | D:2      | Reached skill level 4 in Axes
  1186 | D:2      | Found a basalt altar of Yredelemnul.
  1187 | D:2      | Found an ancient bone altar of Kikubaaqudgha.
  1192 | D:2      | Found a bloodstained altar of Trog.
  1193 | D:2      | Found a snail-covered altar of Cheibriados.
  1194 | D:2      | Found a glowing golden altar of the Shining One.
  1194 | D:2      | Found an iron altar of Okawaru.
  1194 | D:2      | Found a burning altar of Makhleb.
  1195 | D:2      | Found a glowing silver altar of Zin.
  1196 | D:2      | Found a shimmering altar of Xom.
  1197 | D:2      | Found an ornate altar of the Wu Jian Council.
  1198 | D:2      | Found a deep blue altar of Sif Muna.
  1199 | D:2      | Found a radiant altar of Vehumet.
  1204 | D:2      | Became a worshipper of Makhleb the Destroyer
  1253 | D:2      | Found a stormy altar of Qazlal.
  1407 | D:3      | Reached XP level 5. HP: 26/49 MP: 3/3
  1408 | D:3      | Noticed Sigmund
  1432 | D:3      | Killed Sigmund
  1432 | D:3      | Reached skill level 5 in Axes
  1432 | D:3      | Reached skill level 1 in Dodging
  1432 | D:3      | Reached XP level 6. HP: 17/56 MP: 4/4
  1446 | D:3      | Noticed Grinder
  1470 | D:3      | Killed Grinder
  1571 | D:3      | Noticed Robin
  1607 | D:3      | Killed Robin
  1611 | D:3      | Reached * piety under Makhleb
  1613 | D:3      | Reached XP level 7. HP: 22/63 MP: 4/4
  1697 | D:3      | Noticed originalK's ghost (amateur HOMo)
  1721 | D:3      | Killed originalK's ghost
  1721 | D:3      | Reached skill level 6 in Axes
  1754 | D:3      | Reached skill level 5 in Shields
  2179 | D:4      | Reached skill level 7 in Axes
  2207 | D:4      | Noticed Dowan
  2207 | D:4      | Reached ** piety under Makhleb
  2208 | D:4      | Noticed Duvessa
  2247 | D:4      | Killed Duvessa
  2247 | D:4      | Reached XP level 8. HP: 24/73 MP: 4/4
  2247 | D:4      | Killed Dowan
  2247 | D:4      | Reached skill level 5 in Armour
  2302 | D:4      | Noticed Pikel
  2331 | D:4      | Killed Pikel
  2331 | D:4      | Reached skill level 8 in Axes
  2401 | D:4      | Noticed Blork the orc
  2407 | D:4      | Killed Blork the orc
  2763 | D:5      | Entered Level 5 of the Dungeon
  2834 | D:5      | Reached skill level 5 in Fighting
  2841 | D:5      | Reached skill level 9 in Axes
  2882 | D:5      | Gained mutation: You passively map the area around you. [Deep Dwarf growth]
  2882 | D:5      | Reached XP level 9. HP: 72/81 MP: 4/4
  3049 | D:5      | Found a sand-covered staircase.
  3152 | D:5      | Reached *** piety under Makhleb
  3370 | Ossuary  | Entered an ossuary
  3524 | Ossuary  | Reached **** piety under Makhleb
  3796 | D:6      | Noticed Menkaure
  3808 | D:6      | Killed Menkaure
  3851 | D:6      | Found Zezucav's Weapon Shoppe.
  3972 | D:6      | Reached skill level 10 in Axes
  4031 | D:6      | Found a staircase to the Ecumenical Temple.
  4205 | D:7      | Noticed a kobold demonologist
  4219 | D:7      | Noticed an orange demon
  4224 | D:7      | Killed a kobold demonologist
  4237 | D:7      | Reached ***** piety under Makhleb
  4474 | D:7      | Found a runed door.
  5008 | D:7      | Reached skill level 11 in Axes
  5336 | D:7      | Noticed Crazy Yiuf
  5343 | D:7      | Killed Crazy Yiuf
  5510 | D:8      | Reached XP level 10. HP: 83/91 MP: 5/5
  5822 | D:8      | Found a staircase to the Lair.
  6333 | D:9      | Reached skill level 12 in Axes
  6680 | D:9      | Reached skill level 1 in Invocations
  6680 | D:9      | Reached skill level 1 in Evocations
  7185 | D:10     | Entered Level 10 of the Dungeon
  7211 | D:10     | Noticed a gargoyle
  7222 | D:10     | Killed a gargoyle
  7222 | D:10     | Reached XP level 11. HP: 64/99 MP: 5/7
  7367 | D:10     | Got a transparent steel ring
  7408 | D:10     | Found Uxuxuz's Book Shoppe.
  8017 | D:11     | Reached ****** piety under Makhleb
  8044 | D:11     | Found a staircase to the Orcish Mines.
  8105 | D:11     | Identified the ring "Joniclux" {rF+ rC- rN++ Int+6} (You took it off an orc on level 10 of the Dungeon)
  8116 | D:11     | Found a roughly hewn altar of Beogh.
  8282 | D:11     | Found a labyrinth entrance.
  8461 | D:11     | Killed an unseen horror
  8726 | D:12     | Noticed a wolf spider
  8751 | D:12     | Killed a wolf spider
  8751 | D:12     | Reached skill level 13 in Axes
  8820 | Lair:1   | Entered Level 1 of the Lair of Beasts
  8888 | Lair:1   | Found a transporter.
  8922 | Lair:1   | Found a transporter.
  8929 | Lair:1   | HP: 5/100 [five-headed hydra simulacrum (21)]
  8930 | Lair:1   | Mangled by a wolf spider simulacrum

Skill      XL: |  1  2  3  4  5  6  7  8  9 10 11 |
---------------+----------------------------------+-----
Fighting       | 3 4 5 6 7 |  7.3
Axes           | 3 4 5 7 9 11 12 13 | 13.0
Shields        | 4 5 6 7 8 9 |  9.3
Armour         | 4 6 7 8 |  8.4
Dodging        | 1 |  1.6
Invocations    | 2 4 |  4.2
Evocations     | 2 4 |  4.0
Stealth        | |  0.4

Action                   |  1- 3 |  4- 6 |  7- 9 | 10-12 || total
-------------------------+-------+-------+-------+-------++-------
Melee: War axe           |    87 |   144 |   585 |   576 ||  1392
 Abil: Heal Wounds       |     1 |     5 |    10 |    12 ||    28
  Use: Scroll            |       |     3 |    16 |     6 ||    25
  Eat: Chunk             |       |     3 |     6 |    23 ||    32
       Ration            |       |       |     3 |       ||     3
Armor: Scale mail        |    39 |    56 |   223 |    93 ||   411
       Plate armour      |       |       |       |   326 ||   326
Dodge: Dodged            |    27 |    34 |   149 |   184 ||   394
Block: Shield            |    55 |    78 |   293 |   421 ||   847
